 Dungeon Crawl Stone Soup version 0.27.0-1-g7a089689b8 (webtiles) character file.

Game seed: 10315094407361054395

144 Lochraine the Chucker (level 5, -4/50 HPs)
             Began as an Ogre Hunter on Aug 7, 2021.
             Killed by divine providence
             ... invoked by an orc priest
              (7 damage)
             ... on level 3 of the Dungeon.
             The game lasted 00:08:02 (3077 turns).

Lochraine the Chucker (Ogre Hunter)                 Turns: 3077, Time: 00:08:02

Health: -4/50      AC:  3    Str: 17    XL:     5   Next: 27%
Magic:  8/8        EV:  9    Int: 12    God:
Gold:   89         SH:  0    Dex:  9    Spells: 5/8 levels left

rFire    . . .     SeeInvis .   h - +0 hunting sling
rCold    . . .     Faith    .   (no shield)
rNeg     . . .     Spirit   .   b - +0 robe
rPois    .         Reflect  .   (helmet restricted)
rElec    .         Harm     .   (no cloak)
rCorr    .         Rampage  .   (gloves unavailable)
Will     .....                  (boots unavailable)
Stlth    +.........             (no amulet)
HPRegen  0.16/turn              (no ring)
MPRegen  0.11/turn              (no ring)

@: no status effects
A: large, unfitting armour, tough skin 1
a: no special abilities


You were on level 3 of the Dungeon.
You visited 1 branch of the dungeon, and saw 3 of its levels.

You collected 89 gold pieces.

Inventory:

Hand Weapons
 a - a +0 short sword
 h - a +0 hunting sling (weapon)
Missiles
 c - 2 large rocks
 d - 2 throwing nets
 i - 18 stones (quivered ammo)
 j - 11 poisoned darts
Armour
 b - a +0 robe (worn)
Potions
 e - a potion of heal wounds {unknown}
 f - a potion of flight {unknown}
 g - a potion of mutation {unknown}


   Skills:
 - Level 2.6 Fighting
 + Level 5.5 Throwing
 - Level 1.7 Dodging
 - Level 0.6 Stealth
 + Level 2.3 Spellcasting
 + Level 1.0 Hexes
 + Level 1.0 Translocations


You had 5 spell levels left.
You knew the following spells:

 Your Spells              Type           Power      Damage    Failure   Level
a - Portal Projectile     Hex/Tloc       6%         N/A       45%         3

Your spell library contained the following spells:

 Spells                   Type           Power      Damage    Failure   Level
 Call Canine Familiar     Summ           1%         N/A       61%         3
 Leda's Liquefaction      Hex/Erth       1%         N/A       91%         4


Dungeon Overview and Level Annotations

Branches:
Dungeon (3/15)

Altars:

Shops:
D:2 (


Innate Abilities, Weirdness & Mutations

You are too large for most types of armour.
You have tough skin. (AC +1)


Message History

The orc priest barely misses you.
Okay, then.
Fire: 21 stones
Press: ? - help, Q - select action, (/) - cycle Shift-Dir - straight line, f/p - orc priest
Aim: an orc priest, wielding a +0 hand axe and wearing a +0 leather armour (heavily wounded, 56% to hit)
You shoot a stone. The stone hits the orc priest.
The orc priest is severely wounded.
The orc priest hits you but does no damage.
Fire: 20 stones
Press: ? - help, Q - select action, (/) - cycle Shift-Dir - straight line, f/p - orc priest
Aim: an orc priest, wielding a +0 hand axe and wearing a +0 leather armour (severely wounded, 56% to hit)
You shoot a stone.
The stone completely misses the orc priest.
The orc priest completely misses you.
The orc priest hits you with a +0 hand axe.
Fire: 19 stones
Press: ? - help, Q - select action, (/) - cycle Shift-Dir - straight line, f/p - orc priest
Aim: an orc priest, wielding a +0 hand axe and wearing a +0 leather armour (severely wounded, 56% to hit)
You shoot a stone.
The stone closely misses the orc priest.
The orc priest calls down the wrath of Beogh upon you.
Beogh smites you!
* * * LOW HITPOINT WARNING * * *
Throw: 4 large rocks
Press: ? - help, Shift-Dir - straight line, f/p - orc priest
Aim: an orc priest, wielding a +0 hand axe and wearing a +0 leather armour (severely wounded, 57% to hit)
You throw a large rock. The large rock hits the orc priest.
The orc priest is severely wounded.
The orc priest closely misses you.
Throw: 3 large rocks
Press: ? - help, Shift-Dir - straight line, f/p - orc priest
Aim: an orc priest, wielding a +0 hand axe and wearing a +0 leather armour (severely wounded, 57% to hit)
You throw a large rock.
The large rock closely misses the orc priest.
The orc priest invokes the aid of Beogh against you.
Pain shoots through your body!
* * * LOW HITPOINT WARNING * * *
The orc priest mumbles some strange prayers to Beogh against you.
Beogh smites you!
You die...

...# .8.# ...# #÷## #†##
######### ...### #.......##### .
.8...# #.#####[....# ####### ..
...#.###.##.....#######.....##...
#.##............@o(....((........
#.#####...#..##########†....##...
... #.#..#.# #(....##... .8.
#.##...# #..)....... ...
#.###.... #(....##### #> #.#
##.#.. #.....# ..# .# .
#..o..##### ### . ..##...).#....
#............[


You could see an orc priest.

Vanquished Creatures
  A hound (D:3)
  3 adders
  A gnoll (D:1)
  An ufetubus (D:2)
  A worm (D:2)
  2 dart slugs
  4 orcs (D:3)
  5 endoplasms
  3 giant cockroaches
  4 goblins
  7 hobgoblins
  4 jackals (D:1)
  2 quokkas
  7 ball pythons
  3 bats
  3 frilled lizards (D:1)
  6 kobolds
  3 rats
60 creatures vanquished.

Vanquished Creatures (others)
  A withered plant (D:3)
1 creature vanquished.

Grand Total: 61 creatures vanquished

Notes
Turn   | Place    | Note
-------+----------+-------------------------------------------
     0 | D:1      | Lochraine the Ogre Hunter began the quest for the Orb.
     0 | D:1      | Reached XP level 1. HP: 22/22 MP: 1/1
    76 | D:1      | Reached XP level 2. HP: 25/29 MP: 2/2
   573 | D:1      | Reached XP level 3. HP: 36/36 MP: 3/3
   753 | D:1      | Reached skill level 5 in Throwing
  1079 | D:1      | Found a faded altar of an unknown god.
  1317 | D:2      | Reached skill level 1 in Spellcasting
  1684 | D:2      | Reached XP level 4. HP: 33/44 MP: 4/6
  2504 | D:2      | Found Elechey's Weapon Shoppe.
  2603 | D:2      | Learned a level 3 spell: Portal Projectile
  3013 | D:3      | Reached XP level 5. HP: 50/50 MP: 8/8
  3060 | D:3      | Reached skill level 1 in Hexes
  3064 | D:3      | Reached skill level 1 in Translocations
  3077 | D:3      | Killed from afar by an orc priest

Illustrated notes

Levels and vault maps discovered:
D:1:      lemuel_arrival_room, layout_basic, hellmonk_ecumenical_altar_run_dry
D:2:      layout_basic, serial_shops, shop
D:3:      layout_rooms, yredelemnul_altar_generic, kiku_gazebo_garden_becter,
          gammafunk_temple_overflow_claw, mainiacjoe_overflow_cross_hatched,
          grunt_ministairs_5, uniq_grinder, uniq_robin

Skill      XL: |  1  2  3  4  5 |
---------------+----------------+-----
Throwing       | 5 |  5.5
Spellcasting   | 1 2 |  2.3
Hexes          | 1 |  1.0
Translocations | 1 |  1.0
Fighting       | |  2.6
Dodging        | |  1.7
Stealth        | |  0.6

Action                   |  1- 3 |  4- 6 || total
-------------------------+-------+-------++-------
Melee: Short sword       |   135 |    12 ||   147
 Fire: Hunting sling     |       |    87 ||    87
Throw: Large rock        |     4 |     5 ||     9
 Stab: Sleeping          |     2 |       ||     2
       Distracted        |     1 |       ||     1
Armor: Robe              |    40 |    13 ||    53
Dodge: Dodged            |    83 |    24 ||   107
